 Dungeon Crawl Stone Soup version 0.30-b1-2-g02819fbbbe (webtiles) character file.

Game seed: 3417952474034703981

10 Fartwhistle the Trooper (level 2, -1/31 HPs)
             Began as an Ogre Gladiator on June 10, 2023.
             Slain by a hobgoblin (4 damage)
             ... on level 1 of the Dungeon.
             The game lasted 00:01:06 (142 turns).

Fartwhistle the Trooper (Ogre Gladiator)             Turns: 142, Time: 00:01:07

Health: -1/31      AC:  4    Str: 17    XL:     2   Next: 20%
Magic:  2/2        EV: 10    Int:  9    God:
Gold:   19         SH:  0    Dex: 10    Spells: 1/1 levels left

rFire   . . .        a - +0 flail
rCold   . . .        (no shield)
rNeg    . . .        b - +0 robe
rPois   .            c - +1 hat
rElec   .            (no cloak)
rCorr   .            (gloves unavailable)
SInv    .            (boots unavailable)
Will    .....        (no amulet)
Stlth   +            (no ring)
HPRegen 0.25/turn    (no ring)
MPRegen 0.08/turn

%: no passive effects
@: no status effects
A: large, unfitting armour, tough skin 1
a: no special abilities


You were on level 1 of the Dungeon.
You visited 1 branch of the dungeon, and saw 1 of its levels.

You collected 19 gold pieces.

Inventory:

Hand Weapons
 a - a +0 flail (weapon)
Missiles
 d - 3 throwing nets (quivered)
 e - a large rock
Armour
 b - a +0 robe (worn)
 c - a +1 hat (worn)


   Skills:
 + Level 3.0 Fighting
 + Level 2.8 Maces & Flails
 + Level 2.2 Throwing
 + Level 2.8 Dodging


You had one spell level left.
You didn't know any spells.
Your spell library was empty.

Dungeon Overview and Level Annotations

Branches:
Dungeon (1/15)

Altars:


Innate Abilities, Weirdness & Mutations

You are too large for most types of armour.
You have tough skin. (AC +1)


Message History

The hobgoblin attacks as you move away! The hobgoblin hits you.
* * * LOW HITPOINT WARNING * * *
The frilled lizard attacks as you move away!
The frilled lizard closely misses you. The hobgoblin attacks as you move away!
The hobgoblin hits you.
* * * LOW HITPOINT WARNING * * *
The jackal bites you but does no damage.
You aren't carrying any potions.
As you read the scroll labelled IGUHUIDEDGH, it crumbles to dust.
It is a scroll of enchant armour.
Your +0 hat glows green for a moment.
The jackal barely misses you. The hobgoblin misses you.
A hobgoblin comes into view.
You hit the jackal.
You kill the jackal!
The hobgoblin closely misses you.
You barely miss the frilled lizard. The hobgoblin barely misses you.
The frilled lizard closely misses you.
You barely miss the frilled lizard. The hobgoblin hits you.
* * * LOW HITPOINT WARNING * * *
The frilled lizard bites you but does no damage.
You hit the frilled lizard but do no damage.
The frilled lizard barely misses you. The hobgoblin barely misses you.
You miss the frilled lizard.
The frilled lizard bites you but does no damage.
The hobgoblin hits you but does no damage.
The frilled lizard barely misses you. The hobgoblin barely misses you.
You barely miss the frilled lizard. The hobgoblin misses you.
The frilled lizard barely misses you.
You sock the frilled lizard!
You kill the frilled lizard!
The hobgoblin closely misses you. The hobgoblin attacks as you move away!
The hobgoblin hits you.
* * * LOW HITPOINT WARNING * * *
The hobgoblin attacks as you move away!
The hobgoblin hits you but does no damage.
The hobgoblin hits you.
* * * LOW HITPOINT WARNING * * *
The hobgoblin attacks as you move away! The hobgoblin hits you.
You die...

........# .........## #.#
......†.#####......#### #.#
.........# #..####....#####.##
......†..###.# ####........#
.....$....#..#########'#####..
.......##†..###.##.........#..
......##...g#....#.........##.
...#####.##.#.##.#..⌠...⌠..##.
... #.....g@...#.........##.
.. .....####.##.+....<(...+..
.##.# #...##.#.........##. .
... #.####.#..⌠...⌠..##. .##
#. #.#.........##. .
#.#..[......##. .#
#.#####+#####.. .#
#..........#... #.
###.#.####.....


You could see a hobgoblin.

Vanquished Creatures
  A bat (D:1)
  A giant cockroach (D:1)
  3 jackals (D:1)
  A ball python (D:1)
  2 frilled lizards (D:1)
  A goblin (D:1)
  A rat (D:1)
10 creatures vanquished.

Notes
Turn   | Place    | Note
-------+----------+-------------------------------------------
     0 | D:1      | Fartwhistle the Ogre Gladiator began the quest for the Orb.
     0 | D:1      | Reached XP level 1. HP: 22/22 MP: 1/1
   121 | D:1      | Reached skill level 3 in Fighting
   121 | D:1      | Reached XP level 2. HP: 20/31 MP: 2/2
   142 | D:1      | Slain by a hobgoblin

Illustrated notes

Levels and vault maps discovered:
D:1:      mushboom_english_gardens, layout_rooms,
          ebering_ecumenical_altar_abandoned

Skill      XL: |  1 |
---------------+----+-----
Fighting       | 3 |  3.0
Maces & Flails | |  2.8
Throwing       | |  2.2
Dodging        | |  2.8

Action                     || total
---------------------------++-------
  Melee: Flail             ||    31
    Use: Scroll            ||     1
 Armour: Robe              ||    23
  Dodge: Dodged            ||    35
